 Dungeon Crawl Stone Soup version 0.25.0-46-gbd7b0854d2 (webtiles) character file.

Game seed: 13542337808988568533

324 Melfegor the Chopper (level 6, -4/50 HPs)
             Began as a Hill Orc Skald on July 13, 2020.
             Slain by Sigmund
             ... wielding a +0 scythe
              (5 damage)
             ... on level 5 of the Dungeon.
             The game lasted 00:17:50 (4915 turns).

Melfegor the Chopper (Hill Orc Skald)               Turns: 4915, Time: 00:17:51

Health: -4/50      AC:  6    Str: 16    XL:     6   Next: 48%
Magic:  9/9        EV: 11    Int: 13    God:
Gold:   139        SH:  0    Dex: 10    Spells: 6/9 levels left

rFire    + . .     SeeInvis .   a - +1 hand axe
rCold    . . .     Gourm    .   (no shield)
rNeg     . . .     Faith    .   b - +1 leather armour
rPois    .         Spirit   .   (no helmet)
rElec    .         Reflect  .   h - +0 cloak
rCorr    .         Harm     .   e - +0 pair of gloves
MR       .....                  (no boots)
Stlth    +.........             (no amulet)
HPRegen  0.16/turn              l - ring of protection from fire
MPRegen  0.11/turn              (no ring)

@: singing (expiring)
A: no striking features
a: no special abilities


You were on level 5 of the Dungeon.
You were not hungry.

You visited 1 branch of the dungeon, and saw 5 of its levels.

You collected 139 gold pieces.

Inventory:

Hand Weapons
 a - a +1 hand axe (weapon)
Missiles
 g - 5 boomerangs (quivered)
Armour
 b - a +1 leather armour (worn)
 e - a +0 pair of gloves (worn)
 h - a +0 cloak (worn)
 i - a scarf of invisibility
 m - a +0 chain mail
Jewellery
 l - a ring of protection from fire (left hand)
Scrolls
 j - 3 scrolls of remove curse
 k - 2 scrolls of magic mapping
 n - 2 scrolls of identify
Potions
 f - a potion of curing
 o - a potion of resistance
Comestibles
 c - a chunk of flesh
 d - 6 rations


   Skills:
 - Level 2.7 Fighting
 + Level 6.8 Axes
 * Level 3.2 Armour
 - Level 1.5 Dodging
 * Level 2.0 Spellcasting
 * Level 3.3 Charms


You had 6 spell levels left.
You knew the following spells:

 Your Spells              Type           Power        Failure   Level  Hunger
a - Infusion              Chrm           #...         8%          1    ##.....
b - Song of Slaying       Chrm           #.......     12%         2    ###....

Your spell library contained the following spells:

 Spells                   Type           Power        Failure   Level  Hunger
 Shroud of Golubria       Chrm/Tloc      #.....       24%         2    ###....
 Ozocubu's Armour         Chrm/Ice       #.......     43%         3    ####...
 Spectral Weapon          Hex/Chrm       #.......     43%         3    ####...


Dungeon Overview and Level Annotations

Branches:
Dungeon (5/15)
 Temple: D:4-7

Altars:
Gozag

Annotations:
D:5 Sigmund


Message History

You're too confused to move!
Sigmund gestures at you while chanting. You resist with some effort.
Sigmund hits you from afar with a +0 scythe!
* * * LOW HITPOINT WARNING * * *
You feel less confused. Sigmund hits you but does no damage.
Sigmund hits you but does no damage.
You closely miss Sigmund.
Sigmund is lightly wounded.
You hit Sigmund but do no damage.
Sigmund is lightly wounded.
Your song is almost over.
Sigmund mumbles some strange words.
Sigmund flickers and vanishes!
Deactivating autopickup; reactivate with Ctrl-A.
You closely miss something. Something hits you.
* * * LOW HITPOINT WARNING * * *
You hit something but do no damage. Something hits you.
You die...

#8...8# ##.....##
8.....8# #.....#
#8...8# ##>##
##########
#........## .
##.#@.....# #.
#..{.#.#.# #.##
##.#.#....# ...
##...###..#
#..#......#..#
#.#..รท........
#........>.....
.#######............
..@................


There were no monsters in sight!

Vanquished Creatures
  A scorpion (D:4)
  A howler monkey (D:5)
  Ijyb (D:3)
  2 orc wizards (D:3)
  A worker ant (D:4)
  A worker ant zombie (D:5)
  4 adders (D:2)
  An adder skeleton (D:4)
  2 worms
  3 dart slugs (D:1)
  A leopard gecko (D:2)
  6 orcs (D:3)
  4 giant cockroaches
  4 goblins
  6 hobgoblins
  7 jackals (D:2)
  A ball python (D:2)
  7 bats
  8 frilled lizards
  5 kobolds
  5 rats
71 creatures vanquished.

Notes
Turn   | Place    | Note
-------+----------+-------------------------------------------
     0 | D:1      | Melfegor the Hill Orc Skald began the quest for the Orb.
     0 | D:1      | Reached XP level 1. HP: 18/18 MP: 3/3
   168 | D:1      | Reached XP level 2. HP: 12/25 MP: 4/4
   201 | D:1      | Reached skill level 3 in Axes
   396 | D:1      | You fall into a shaft and drop 1 floor!
   941 | D:1      | Reached XP level 3. HP: 30/30 MP: 5/5
  1378 | D:2      | Reached skill level 4 in Axes
  1388 | D:2      | Reached XP level 4. HP: 7/37 MP: 6/6
  2687 | D:3      | Reached skill level 5 in Axes
  2708 | D:3      | HP: 1/37 [something/magic dart (4)]
  2714 | D:3      | Reached XP level 5. HP: 19/42 MP: 7/7
  2938 | D:3      | Found an opulent altar of Gozag.
  2999 | D:3      | Noticed Ijyb
  2999 | D:3      | Paralysed by Ijyb for 6 turns
  3018 | D:3      | Killed Ijyb
  3128 | D:3      | Learned a level 2 spell: Song of Slaying
  3298 | D:3      | Reached skill level 6 in Axes
  3704 | D:4      | Reached XP level 6. HP: 15/50 MP: 8/8
  4298 | D:4      | Found a glowing drain.
  4837 | D:5      | Entered Level 5 of the Dungeon
  4881 | D:5      | Noticed Sigmund
  4914 | D:5      | HP: 1/50 [something (6)]
  4915 | D:5      | Slain by Sigmund

Illustrated notes

Levels and vault maps discovered:
D:1:      matt_arrival_diagonals, layout_basic
D:2:      layout_loops_ring
D:3:      layout_loops_ring, lemuel_crystal_altar, roderic_serpentine_path,
          serial_bayou_crossing, uniq_ijyb
D:4:      layout_loops_corners, nicolae_ossuary_entry_false_entrances,
          gup_sewer_entry_glass, uniq_crazy_yiuf_cottage
D:5:      layout_rooms, nicolae_overflow_hidden_temple,
          okawaru_metal_pillars_1_2, minmay_temple_entry_statues_fountains,
          first_ration, bh_walls_and_bars, uniq_sigmund

Skill      XL: |  1  2  3  4  5  6 |
---------------+-------------------+-----
Axes           | 3 4 5 6 |  6.8
Charms         | 3 |  3.3
Armour         | 2 3 |  3.2
Spellcasting   | 2 |  2.0
Fighting       | |  2.7
Dodging        | |  1.5

Action                   |  1- 3 |  4- 6 || total
-------------------------+-------+-------++-------
Melee: Hand axe          |   133 |   202 ||   335
 Cast: Infusion          |     2 |     3 ||     5
       Song of Slaying   |       |     2 ||     2
  Use: Scroll            |     7 |     6 ||    13
       Potion            |     3 |     2 ||     5
  Eat: Chunk             |     1 |     9 ||    10
       Ration            |       |     1 ||     1
Armor: Leather armour    |    72 |    53 ||   125
Dodge: Dodged            |   136 |   107 ||   243
